Map: King Sejong Station LE

Players

BDawg

  • Race: Terran Terran
  • League: Master

Miszu - Winner!

  • Race: Protoss Protoss
  • League: Master

VOD

Have the link to the VOD?

Description

Time

  • Played on: June 27, 2016, 6:19 p.m.
  • Length: 5:56
Show
View Real Time Build Order
Export as new Build Order

BDawg Terran 

Build Orders:  

Get SALT Encoding   

  12  0:00  SCV  
  13  0:13  SCV  
  14  0:17  Supply Depot  
  14  0:25  SCV  
  15  0:38  SCV  
  15  0:40  Barracks  
  16  0:44  Refinery  
  16  0:50  SCV  
  17  1:02  Barracks  
  17  1:05  SCV  
  18  1:17  SCV  
  19  1:27  Reaper  
  19  1:30  Orbital Command  
  20  1:49  Reaper  
  21  1:56  SCV  
  22  2:03  Reaper  
  22  2:07  Engineering Bay  
  23  2:13  Supply Depot  
  23  2:26  Command Center  
  23  2:31  Refinery  
  23  2:34  SCV  
  24  2:43  Marine x2  
  26  2:47  SCV  
  26  2:49  Factory  
  27  2:59  SCV  
  27  3:05  Barracks Reactor  
  28  3:11  SCV  
  29  3:15  Barracks Tech Lab  
  29  3:23  SCV  
  30  3:33  Widow Mine  
  29  3:35  SCV  
  25  3:53  SCV  
  23  4:02  Marine x2  
  25  4:06  SCV  
  25  4:08  Widow Mine  
  25  4:09  Marine  
  29  4:18  SCV  
  29  4:20  Marine, Orbital Command  
  29  4:22  Bunker  
  29  4:24  Marine  
  32  4:30  Supply Depot  
  32  4:31  SCV  
  32  4:35  Marine  
  34  4:44  Starport  
  34  4:46  Factory Tech Lab  
  34  4:49  SCV  
  35  4:53  SCV  
  36  5:00  Marine  
  36  5:01  SCV  
  36  5:04  Marine  
  36  5:05  Marine  
  39  5:17  Cyclone  
  39  5:19  SCV  
  42  5:29  Marine, SCV  
  42  5:30  Supply Depot  
Show
View Real Time Build Order
Export as new Build Order

Miszu Protoss - Winner!

Build Orders: Oracle Opening 

Get SALT Encoding   

  12  0:01  Probe (Chrono Boost)  
  13  0:11  Probe (Chrono Boost)  
  14  0:17  Pylon  
  14  0:22  Probe (Chrono Boost)  
  16  0:35  Probe (Chrono Boost)  
  16  0:38  Gateway  
  16  0:44  Assimilator  
  16  0:47  Probe (Chrono Boost)  
  17  0:57  Assimilator  
  17  0:59  Probe (Chrono Boost)  
  18  1:06  Pylon  
  18  1:10  Probe (Chrono Boost)  
  19  1:21  Probe (Chrono Boost)  
  20  1:27  Cybernetics Core  
  20  1:35  Probe (Chrono Boost)  
  21  1:46  Probe (Chrono Boost)  
  21  1:57  Probe (Chrono Boost)  
  22  2:03  Stargate  
  22  2:05  Stalker (Chrono Boost)  
  22  2:08  Probe (Chrono Boost)  
  25  2:11  Warp Gate  
  25  2:21  Mothership Core  
  27  2:29  Pylon  
  29  2:51  Oracle (Chrono Boost)  
  30  2:56  Stalker  
  32  3:04  Gateway  
  32  3:06  Gateway  
  32  3:16  Pylon  
  32  3:29  Void Ray (Chrono Boost)  
  34  3:50  Probe  
  34  4:06  Void Ray (Chrono Boost)  
  37  4:25  Stalker x2  
  37  4:26  Stalker  
  43  4:35  Pylon  
  43  4:52  Void Ray (Chrono Boost)  
  47  5:23  Stalker x2  
  47  5:24  Stalker  
Tags
 
Add a new tag
Caveats
  • Supply blocks, unpowered buildings, or Contaminate may cause inaccurate times.
  • Supply counts are checked every 10 seconds.